[Event "Late-Titled-Tuesday-Blitz-April-23-2024"]
[Site "Chess.com"]
[Date "2024.04.23"]
[Round "9"]
[White "WoodlandMagic"]
[Black "Zura_19"]
[Result "1-0"]
[WhiteElo "2831"]
[BlackElo "2616"]
[TimeControl "180+1"]
[EndTime "15:45:12 PDT"]
[Termination "WoodlandMagic won on time"]

1. Nf3 Nf6 2. c4 b6 3. g3 Bb7 4. Bg2 e6 5. O-O c5 6. Nc3 Be7 7. Re1 O-O 8. e4 d6 9. d4 cxd4 10. Nxd4 Qc8 11. b3 a6 12. Bb2 Nbd7 13. f4 Qc7 14. Qd2 Rfd8 15. Rad1 Rac8 16. Bf3 Qb8 17. Qg2 Nc5 18. g4 Bf8 19. g5 Ne8 20. h4 Qa8 21.
h5 g6 22. hxg6 hxg6 23. f5 e5 24. fxg6 exd4 25. gxf7+ Kxf7 26. Nd5 Bg7 27. Bh5+ Kg8 28. Nf6+ Kf8 29. Rf1 Nxf6 30. gxf6 Bh8 31. f7 Bg7 32.
Bxd4 Bxd4+ 33. Rxd4 Ne6 34. Qg8+ Ke7 35. f8=Q+ Rxf8 36. Rf7+ Kd8 37. Rxf8+ Nxf8 38. Qxf8+ 1-0

[Event "Late-Titled-Tuesday-Blitz-April-23-2024"]
[Site "Chess.com"]
[Date "2024.04.23"]
[Round "9"]
[White "Alexei_Gubajdullin"]
[Black "Eloist"]
[Result "1-0"]
[WhiteElo "2597"]
[BlackElo "2459"]
[TimeControl "180+1"]
[EndTime "15:45:23 PDT"]
[Termination "Alexei_Gubajdullin won by resignation"]

1. Nf3 Nf6 2. g3 b6 3. Bg2 Bb7 4. O-O e6 5. d3 d5 6. Nbd2 Nbd7 7. b3 a5 8. a3 Be7 9. Bb2 O-O 10. e4 dxe4 11. Ng5 a4 12. b4 c5 13. b5 Qc7 14.
Ngxe4 Rfd8 15. Nxf6+ Bxf6 16. Rb1 Bxb2 17. Rxb2 Nf6 18.
Bxb7 Qxb7 19. Nc4 Rd4 20. Qe2 Rad8 21. f4 g6 22. Qf3 Qxf3 23. Rxf3 Nd5 24. Rf2 Nc3 25.
Nxb6 Nd1 26. Rb1 Nxf2 27. Kxf2 Rb8 28. Nc4 Kf8 29. b6 Ke7 30. Rb5 Rd5 31. Ra5 Rb7 32.
Ra7 Rdd7 33. Ne5 Rxa7 34. bxa7 Rxa7 35. Nc6+ Kd6 36. Nxa7 1-0

[Event "Late-Titled-Tuesday-Blitz-April-23-2024"]
[Site "Chess.com"]
[Date "2024.04.23"]
[Round "9"]
[White "bascheyaro"]
[Black "DrVelja"]
[Result "1-0"]
[WhiteElo "2835"]
[BlackElo "2962"]
[TimeControl "180+1"]
[EndTime "15:45:25 PDT"]
[Termination "bascheyaro won by checkmate"]

1. d4 Nf6 2. Nf3 d5 3. Bf4 c5 4. e3 Nc6 5. a3 cxd4 6. exd4 Bg4 7. c3 e6 8. h3 Bh5 9. Nbd2 Bd6 10. Bxd6 Qxd6 11. Bd3 O-O 12. O-O Rab8 13. Re1 Qc7 14. Qe2 Rfe8 15. Qe3 Bxf3 16. Nxf3 b5 17. b4 a5 18. Qe2 Na7 19. Rac1 Rec8 20. Ne5 Qd6 21. Qf3 Rc7 22. g4 Rbc8 23. g5 Ne8 24. Bxh7+ Kxh7 25. Nxf7 Qf8 26. Qh5+ Kg8 27. g6 Qxf7 28. gxf7+ Rxf7 29.
Rxe6 Nf6 30. Qg6 axb4 31. axb4 Nc6 32. Rce1 Kf8 33. R1e3 Ne7 34. Qxf7+ Kxf7 35. Rxe7+ Kf8 36. f3 Rb8 37. Rc7 Kg8 38. Ree7 Nh5 39. Kf2 Rf8 40.
Ke3 Rf6 41. f4 Kf8 42. Red7 Nxf4 43. Rd8# 1-0

[Event "Late-Titled-Tuesday-Blitz-April-23-2024"]
[Site "Chess.com"]
[Date "2024.04.23"]
[Round "9"]
[White "KNVB"]
[Black "stasOR4ik"]
[Result "1-0"]
[WhiteElo "2702"]
[BlackElo "2477"]
[TimeControl "180+1"]
[EndTime "15:45:25 PDT"]
[Termination "KNVB won by resignation"]

1. d4 e6 2. Bf4 d5 3. e3 Nf6 4. Nf3 c5 5. c3 Nc6 6. Nbd2 Bd6 7.
Bg3 Bxg3 8. hxg3 cxd4 9. exd4 a6 10. Bd3 h6 11. Qe2 b5 12. a3 Na5 13. Ne5 Nc4 14. Nb3 Qc7 15. g4 Nxe5 16. dxe5 Nd7 17. f4 Nc5 18. Nd4 Nxd3+ 19. Qxd3 Bb7 20. g5 O-O-O 21. gxh6 Rxh6 22. Rxh6 gxh6 23. Qh7 a5 24. Kf2 Ba6 25.
Qxh6 Qc4 26. Qh3 Kb7 27. b3 Qc5 28. Qd3 b4 29. axb4 Bxd3 30. bxc5 Ra8 31. Ke3 Bb5 32. Nxb5 1-0

[Event "Late-Titled-Tuesday-Blitz-April-23-2024"]
[Site "Chess.com"]
[Date "2024.04.23"]
[Round "9"]
[White "zano2023"]
[Black "Bala-Afiada"]
[Result "1-0"]
[WhiteElo "2163"]
[BlackElo "1990"]
[TimeControl "180+1"]
[EndTime "15:45:28 PDT"]
[Termination "zano2023 won by resignation"]

1. d4 Nf6 2. Nd2 d5 3. Ngf3 e6 4. e3 c5 5. c3 Nc6 6. Bd3 Bd6 7. O-O c4 8. Bc2 Qc7 9. Qe2 e5 10. e4 dxe4 11. Nxe4 Nxe4 12. Bxe4 O-O 13. Qxc4 exd4 14. cxd4 Bg4 15. h3 Bh5 16. Be3 Rac8 17. Rac1 Qd7 18. Qb5 Bxf3 19. Bxf3 a6 20. Qh5 g6 21. Qh6 Rfe8 22.
Rfd1 Bf8 23. Qf4 Nb4 24. Rxc8 Rxc8 25. a3 Nd5 26. Bxd5 Qxd5 27. Qg4 Rc2 28. Rd2 Rc1+ 29.
Kh2 Bd6+ 30. Bf4 Bxf4+ 31. Qxf4 Rc3 32. bxc3 1-0

[Event "Late-Titled-Tuesday-Blitz-April-23-2024"]
[Site "Chess.com"]
[Date "2024.04.23"]
[Round "9"]
[White "Francisco_Ferrari"]
[Black "Hirna2005"]
[Result "0-1"]
[WhiteElo "2193"]
[BlackElo "2344"]
[TimeControl "180+1"]
[EndTime "15:45:29 PDT"]
[Termination "Hirna2005 won by checkmate"]

1. d4 g6 2. e4 Bg7 3. f4 d6 4. Nf3 a6 5. c4 Bg4 6. Be2 Nc6 7.
Be3 Nf6 8. Nc3 O-O 9. O-O Re8 10.
e5 Nd7 11. Ng5 Bxe2 12. Qxe2 e6 13. Nce4 Nb6 14. Rad1 Nxc4 15. Qxc4 d5 16. Qe2 dxe4 17. Nxe4 Nb4 18. a3 Nd5 19. Bc1 Qh4 20. g3 Qe7 21. g4 Qh4 22. Kh1 f5 23. exf6 Nxf6 24.
Nxf6+ Bxf6 25. g5 Bg7 26. Qe4 Rad8 27. Qxb7 Bxd4 28. Qc6 Qh3 29. Rfe1 e5 30. fxe5 Re6 31. Qc4 Qf3# 0-1

[Event "Late-Titled-Tuesday-Blitz-April-23-2024"]
[Site "Chess.com"]
[Date "2024.04.23"]
[Round "9"]
[White "TheAlienParty"]
[Black "Bryanl106"]
[Result "0-1"]
[WhiteElo "2454"]
[BlackElo "2700"]
[TimeControl "180+1"]
[EndTime "15:45:35 PDT"]
[Termination "Bryanl106 won by checkmate"]

1. c4 Nf6 2. Nc3 e6 3. e4 d5 4. e5 d4 5. exf6 dxc3 6. bxc3 Qxf6 7. d4 h6 8. Nf3 c5 9. Be2 cxd4 10. cxd4 Bb4+ 11.
Bd2 Bxd2+ 12. Qxd2 O-O 13. O-O Nc6 14. d5 exd5 15.
cxd5 Rd8 16. Rad1 Bg4 17. d6 Rd7 18. h3 Bh5 19. Qd5 Bxf3 20. Bxf3 Rad8 21. Qb5 Ne5 22.
Bxb7 Rb8 23. Rd5 Rbxb7 24. Qc5 Ng6 25. Qc8+ Kh7 26. Rfd1 Nf4 27. R5d2 Qg6 28. Qc6 Rbc7 29. Qf3 Rc4 30. Kh2 Ne6 31. Qb3 Rh4 32. Qb5 Nf4 33.
f3 Rxd6 34. Qf1 Rxd2 35. Rxd2 Nh5 36. Rd5 Qg3+ 37. Kh1 Nf4 38. Rd2 Nxh3 39. gxh3 Rxh3+ 40. Rh2 Rxh2# 0-1

[Event "Late-Titled-Tuesday-Blitz-April-23-2024"]
[Site "Chess.com"]
[Date "2024.04.23"]
[Round "9"]
[White "jcmesafischer"]
[Black "Sesleria"]
[Result "1-0"]
[WhiteElo "2364"]
[BlackElo "2131"]
[TimeControl "180+1"]
[EndTime "15:45:35 PDT"]
[Termination "jcmesafischer won by checkmate"]

1. e4 c5 2. Nc3 Nc6 3. g3 g6 4. Bg2 Bg7 5. Nge2 d6 6. d3 h5 7. h3 h4 8. g4 e5 9. Be3 Nd4 10. Qd2 Be6 11. O-O a6 12. f4 exf4 13. Nxf4 Ne7 14.
Qf2 Qd7 15. Nxe6 Qxe6 16. e5 d5 17. Bxd4 cxd4 18. Qxd4 Bxe5 19. Qb4 O-O 20. Rae1 Nc6 21. Qxb7 Rfb8 22. Qxf7+ Qxf7 23. Rxf7 Kxf7 24. Bxd5+ Kf6 25. Bxc6 Ra7 26. g5+ Ke6 27. d4 Kd6 28. Rxe5 Kxc6 29. Re6+ Kb7 30. Rxg6 Rd8 31. Rg7+ Ka8 32. Rxa7+ Kxa7 33. Ne2 Rd5 34. Kf2 Rxg5 35. c4 Kb6 36. b4 Kc6 37. a3 Rf5+ 38. Ke3 Rf1 39. d5+ Kd6 40. Nc3 Re1+ 41. Kd4 Rg1 42. c5+ Kd7 43. c6+ Kc7 44. Kc5 Rg5 45. Ne4 Re5 46. Nd2 Re2 47. Nc4 Rc2 48. d6+ Kd8 49. a4 Kc8 50. b5 Rc3 51.
bxa6 Rxh3 52. a7 Rb3 53. a8=Q+ Rb8 54. Nb6+ Kd8 55. Qxb8# 1-0

[Event "Late-Titled-Tuesday-Blitz-April-23-2024"]
[Site "Chess.com"]
[Date "2024.04.23"]
[Round "9"]
[White "MarlonJodar"]
[Black "Veleamater"]
[Result "1/2-1/2"]
[WhiteElo "2279"]
[BlackElo "2425"]
[TimeControl "180+1"]
[EndTime "15:45:36 PDT"]
[Termination "Game drawn by agreement"]

1. e4 d6 2. d4 g6 3. Nc3 Bg7 4. Nf3 Nf6 5. Be2 O-O 6. O-O Nc6 7. h3 e5 8. dxe5 dxe5 9. Qxd8 Rxd8 10. Bg5 Be6 11.
Rfd1 Re8 12. Bb5 Nd7 13. Nd5 Bxd5 14. exd5 Ncb8 15. d6 c6 16. Bf1 f6 17. Be3 Bf8 18.
c4 Kg7 19. c5 h6 20. Rac1 f5 21. b4 g5 22. Bd2 a6 23. Bc3 Kg6 24. Re1 Bg7 25.
Rcd1 h5 26. Bc4 Bf6 27. Re2 g4 28. hxg4 hxg4 29. Nxe5+ Rxe5 30. Bxe5 Nxe5 31. Rxe5 Bxe5 32. d7 Nxd7 33. Rxd7 a5 34. b5 cxb5 35. Bxb5 Rc8 36. Rxb7 Rxc5 37. g3 Rc1+ 38. Kg2 Rc5 39. a4 Bd4 40.
Rd7 Bc3 41. Rd6+ Kg5 42. Rd3 f4 43. gxf4+ Kxf4 44. Rd8 Rf5 45. Rd3 Bb4 46. Rd4+ Kg5 47. Bc4 Bc5 48. Rd5 Rxd5 49. Bxd5 Kf4 50. Bc6 Bd4 51. Bb5 1/2-1/2

[Event "Late-Titled-Tuesday-Blitz-April-23-2024"]
[Site "Chess.com"]
[Date "2024.04.23"]
[Round "9"]
[White "A4RookA3"]
[Black "NM_Koval"]
[Result "1-0"]
[WhiteElo "2348"]
[BlackElo "2169"]
[TimeControl "180+1"]
[EndTime "15:45:39 PDT"]
[Termination "A4RookA3 won by resignation"]

1. Nc3 c5 2. Nf3 g6 3. d4 cxd4 4. Qxd4 Nf6 5. e4 Nc6 6. Qa4 Qc7 7. Nd5 Nxd5 8. exd5 Ne5 9. Bf4 Bg7 10. Be2 O-O 11. O-O Nxf3+ 12. Bxf3 d6 13. c3 Bd7 14. Qc2 Bb5 15. Rfe1 Rfe8 16. Qd2 a5 17. Rac1 a4 18. c4 Bd7 19. c5 Qb8 20. c6 Bc8 21. c7 Qa7 22.
Bxd6 Bf8 23. Bc5 Qa6 24. d6 Qb5 25. dxe7 Bg7 26. Qd8 Bd7 27. Bxb7 Qxb7 28. Qxd7 Qxb2 29.
Ba3 Qb7 30. Qxe8+ Rxe8 31. c8=Q Rxc8 32. Rxc8+ Qxc8 33. e8=Q+ Qxe8 34. Rxe8+ 1-0

[Event "Late-Titled-Tuesday-Blitz-April-23-2024"]
[Site "Chess.com"]
[Date "2024.04.23"]
[Round "9"]
[White "MaxLeto"]
[Black "chess_sharparchitect"]
[Result "1-0"]
[WhiteElo "2423"]
[BlackElo "2246"]
[TimeControl "180+1"]
[EndTime "15:45:40 PDT"]
[Termination "MaxLeto won by resignation"]

1. g4 d5 2. Bg2 Bxg4 3. c4 Nf6 4.
Qb3 Qc8 5. cxd5 c6 6. Nc3 e6 7. h3 Bh5 8. dxe6 Qxe6 9. Qxb7 Bc5 10. Qxa8 O-O 11. Qb7 Qf5 12. Nf3 Re8 13. Kf1 Nbd7 14. Qxc6 Re6 15. Qc8+ Re8 16. Qc7 Bb6 17. Qg3 Qc2 18.
Ne1 Qf5 19. Nf3 Qc2 20. d3 Nd5 21. Ne1 Bxe2+ 22. Kg1 Nxc3 23. Nxc2 1-0

[Event "Late-Titled-Tuesday-Blitz-April-23-2024"]
[Site "Chess.com"]
[Date "2024.04.23"]
[Round "9"]
[White "yaguigor"]
[Black "Good_Knight_Kiss"]
[Result "1-0"]
[WhiteElo "2570"]
[BlackElo "2452"]
[TimeControl "180+1"]
[EndTime "15:45:42 PDT"]
[Termination "yaguigor won on time"]

1. Nf3 Nf6 2. c4 g6 3. Nc3 Bg7 4. e4 d6 5. d4 O-O 6. Be2 e5 7. O-O Nc6 8. d5 Ne7 9. b4 a5 10. bxa5 c5 11. a4 Rxa5 12. Ra3 Ne8 13. Bd2 f5 14. Ng5 Nc7 15. Nb5 Ra6 16. Nxc7 Qxc7 17. exf5 Nxf5 18. Rh3 h6 19. Ne6 Bxe6 20. dxe6 e4 21.
Bg4 h5 22. Bxf5 Rxf5 23. Rg3 Kh7 24. Bg5 Bf6 25. Bxf6 Rxf6 26. Qd5 Qe7 27. Rb1 b6 28. Rgb3 Rxe6 29. Rxb6 Rxb6 30. Rxb6 Kh6 31. Rb7 Qf6 32. h4 Qa1+ 33. Kh2 Qe5+ 34. Qxe5 dxe5 35. a5 Ra6 36. Rb5 Rc6 37. Rb6 Rc7 38. a6 Ra7 39. Kg1 Kg7 40.
Rb7+ 1-0

[Event "Late-Titled-Tuesday-Blitz-April-23-2024"]
[Site "Chess.com"]
[Date "2024.04.23"]
[Round "9"]
[White "dolynachess"]
[Black "kleber2007"]
[Result "0-1"]
[WhiteElo "2530"]
[BlackElo "2457"]
[TimeControl "180+1"]
[EndTime "15:45:42 PDT"]
[Termination "kleber2007 won on time"]

1. d4 Nf6 2. c4 g6 3. Nc3 Bg7 4. e4 O-O 5. Nf3 d6 6. Be2 e5 7. d5 a5 8. Be3 Na6 9. Nd2 Qe8 10. a3 Bd7 11. b3 Nh5 12. g3 f5 13. exf5 e4 14. fxg6 hxg6 15. Ncxe4 Bxa1 16. Qxa1 Bf5 17. Qd4 Qe7 18. Bg5 Qg7 19. Qxg7+ Kxg7 20. g4 Bxe4 21. Nxe4 Nf4 22. f3 Nxe2 23. Kxe2 Rae8 24. Be3 b6 25. h4 Nc5 26. Bxc5 bxc5 27. Ke3 Rb8 28.
Nd2 Rfe8+ 29. Kd3 a4 30. bxa4 Rb2 31. h5 gxh5 32. Rxh5 Ra2 33. Ne4 Rxa3+ 34. Ke2 Rxa4 35. Rg5+ Kf7 36. Rf5+ Ke7 0-1

[Event "Late-Titled-Tuesday-Blitz-April-23-2024"]
[Site "Chess.com"]
[Date "2024.04.23"]
[Round "9"]
[White "GlavkonVVS"]
[Black "Zhigalko_Sergei"]
[Result "1-0"]
[WhiteElo "2672"]
[BlackElo "2873"]
[TimeControl "180+1"]
[EndTime "15:45:45 PDT"]
[Termination "GlavkonVVS won on time"]

1. c4 e5 2. Nc3 Nf6 3. g3 c6 4.
Bg2 d5 5. cxd5 cxd5 6. Qb3 Be6 7. Qxb7 Nbd7 8. Nxd5 Nxd5 9. Bxd5 Rb8 10. Qc6 Rc8 11.
Qb7 Rc7 12. Qa8 Bxd5 13. Qxd5 Qc8 14. Kd1 Be7 15. Nf3 O-O 16. d3 Rd8 17. Bd2 Nc5 18.
Qxe5 Bf6 19. Qf4 Bxb2 20. Rb1 Bf6 21. Ba5 Nxd3 22. Qxc7 Nxf2+ 23. Ke1 Nxh1 24. Qxc8 Rxc8 25. Kf1 h6 26. Kg2 Rc2 27. Bd2 Nxg3 28. hxg3 Rxa2 29. Kf2 a5 30. Be3 a4 31. Rb8+ Kh7 32. Rb7 a3 33. Ra7 Kg6 34. Bd4 Bxd4+ 35. Nxd4 Ra1 36. Nb5 a2 37. Nc3 Rc1 38. Nxa2 Rc4 39. Ra6+ f6 40. Ra3 h5 41. Nc3 h4 42. gxh4 Rxh4 43. Ra5 Rh2+ 44.
Kf3 Rh3+ 45. Kf4 Rxc3 46. e4 Rh3 47. Ra7 Rh4+ 48. Kf3 1-0

[Event "Late-Titled-Tuesday-Blitz-April-23-2024"]
[Site "Chess.com"]
[Date "2024.04.23"]
[Round "9"]
[White "dasatcu90"]
[Black "Flaccidmoves"]
[Result "1-0"]
[WhiteElo "2208"]
[BlackElo "2382"]
[TimeControl "180+1"]
[EndTime "15:45:45 PDT"]
[Termination "dasatcu90 won by resignation"]

1. d4 e6 2. Nf3 f5 3. g3 Nf6 4. Bg2 g6 5. b3 Bg7 6. Bb2 O-O 7. Nbd2 d6 8. O-O Nc6 9. c4 Qe8 10. e3 e5 11. dxe5 dxe5 12. Rc1 e4 13. Nd4 Ne5 14. Rc2 Rf7 15. c5 Nd5 16. Nc4 Nd3 17.
Rd2 c6 18. Nd6 Qf8 19. Nxf7 Qxf7 20. Rxd3 exd3 21. Qxd3 Bd7 22. Rd1 Re8 23. a3 Qe7 24. Qc2 Bc8 25. b4 Nf6 26. Ne2 Ne4 27. Bxg7 Qxg7 28.
Nf4 Qe5 29. h4 Kg7 30. Rd4 Nf6 31. Qd1 Ng4 32. Rd8 Qb2 33. Qd4+ Kh6 34. Qxb2 1-0

[Event "Late-Titled-Tuesday-Blitz-April-23-2024"]
[Site "Chess.com"]
[Date "2024.04.23"]
[Round "9"]
[White "manmanlai1"]
[Black "manitodeplomo"]
[Result "0-1"]
[WhiteElo "2518"]
[BlackElo "2657"]
[TimeControl "180+1"]
[EndTime "15:45:46 PDT"]
[Termination "manitodeplomo won by resignation"]

1. e4 Nf6 2. e5 Nd5 3. d4 d6 4. c4 Nb6 5. f4 dxe5 6. fxe5 Bf5 7. Nc3 e6 8. Nf3 Bb4 9. Be2 c5 10. Be3 Nc6 11. O-O O-O 12. d5 Na5 13. Na4 Nbxc4 14. Bf2 b5 15. a3 bxa4 16. axb4 cxb4 17. Qxa4 exd5 18. Qxb4 Rb8 19. Qc5 Nb3 20. Qxa7 Nxa1 21. Rxa1 Rxb2 22. Bf1 Nd2 23. Nxd2 Rxd2 24. Bc5 Re8 25.
Bb5 Rxe5 26. Bb4 Rde2 27. Bxe2 Rxe2 28. Qb7 Re8 29. Ra7 Bg6 30. Be7 Qc8 31. Qxd5 Qc1+ 32.
Kf2 Qf4+ 33. Kg1 Qe3+ 0-1

[Event "Late-Titled-Tuesday-Blitz-April-23-2024"]
[Site "Chess.com"]
[Date "2024.04.23"]
[Round "9"]
[White "katharinareinecke"]
[Black "jinxy2009"]
[Result "0-1"]
[WhiteElo "2059"]
[BlackElo "2304"]
[TimeControl "180+1"]
[EndTime "15:45:46 PDT"]
[Termination "jinxy2009 won by resignation"]

1. e4 e5 2. Nc3 Nf6 3. f4 d5 4.
fxe5 Nxe4 5. Qf3 Nxc3 6. dxc3 Be7 7. Bd3 c5 8. Ne2 Nc6 9. O-O O-O 10. Ng3 g6 11.
Bf4 c4 12. Be2 Be6 13. Rad1 f6 14. exf6 Bxf6 15. Bxc4 Ne5 16. Bxe5 Bxe5 17. Qe3 Qc7 18. Rxf8+ Rxf8 19. Bxd5 Bxd5 20. Rxd5 Bxg3 21. hxg3 Qf7 22. Rd1 Qxa2 23. Qd4 a6 24. Qd5+ Qxd5 25. Rxd5 Rf7 26. b4 Kg7 27. c4 Rc7 28. c5 Kf6 29. c4 Re7 30. Kf2 Re4 31. b5 Rxc4 32. bxa6 bxa6 33. Rd6+ Kg5 34. Rxa6 Rxc5 35. Ra4 Rf5+ 36. Kg1 h5 37. Kh2 Rc5 38. Kh3 Kh6 39. Kh2 Rc6 40. Kh3 g5 41.
Kh2 Kg6 42. Kh3 Re6 43. Kh2 Re5 44. Kg1 Kf5 45. Kf2 Re4 46. Kf3 Rxa4 0-1

[Event "Late-Titled-Tuesday-Blitz-April-23-2024"]
[Site "Chess.com"]
[Date "2024.04.23"]
[Round "9"]
[White "Naoki"]
[Black "lamomiajunior"]
[Result "0-1"]
[WhiteElo "2582"]
[BlackElo "2773"]
[TimeControl "180+1"]
[EndTime "15:45:48 PDT"]
[Termination "lamomiajunior won by resignation"]

1. e4 c5 2. Nf3 d6 3. d4 cxd4 4.
Nxd4 Nf6 5. Nc3 a6 6. Rg1 h5 7. h3 Nc6 8. Be2 g6 9. g4 hxg4 10.
hxg4 Bg7 11. Be3 Bd7 12. g5 Nh5 13. Qd2 Rc8 14. Nxc6 Bxc6 15. O-O-O Qa5 16. Bd4 Bxd4 17. Qxd4 Qe5 18. Qxe5 dxe5 19. Rh1 e6 20. Bxh5 gxh5 21. Rh4 Ke7 22. Rdh1 b5 23. a3 a5 24. b4 axb4 25.
axb4 Bd7 26. Ne2 Ra8 27. Kb2 Ra4 28. c3 Bc6 29. f3 Rd8 30. Nc1 Rd2+ 31. Kb3 Ra1 32.
Rxh5 Rb1+ 33. Ka3 Rc2 34. Na2 Rbb2 35. Ra1 Rf2 36. Rh7 Kf8 37. Rh8+ Kg7 38. Rc8 Bd7 39. Rc7 Be8 40. Rc8 Kf8 41. Rc7 Rbd2 42. Rh1 Rxa2+ 0-1

[Event "Late-Titled-Tuesday-Blitz-April-23-2024"]
[Site "Chess.com"]
[Date "2024.04.23"]
[Round "9"]
[White "SmirnovTimofey2000"]
[Black "pooh2012"]
[Result "0-1"]
[WhiteElo "1965"]
[BlackElo "2599"]
[TimeControl "180+1"]
[EndTime "15:45:48 PDT"]
[Termination "pooh2012 won by resignation"]

1. e4 c5 2. c3 e6 3. d4 cxd4 4. cxd4 d5 5. exd5 exd5 6. Nc3 Nf6 7. Nf3 Be7 8. Bb5+ Nbd7 9. O-O O-O 10. Re1 a6 11. Ba4 h6 12. h3 b5 13. Bb3 Nb6 14.
Ne5 Bb7 15. Bf4 Rc8 16. Rc1 Bb4 17. a3 Bxc3 18. Rxc3 Rxc3 19. bxc3 Nc4 20. Nxc4 dxc4 21. Bc2 Qa5 22. Qc1 Qd8 23. a4 Re8 24. axb5 axb5 25. Be5 Nd7 26. Bd6 Nf6 27. Bb4 Nd5 28. Bc5 Nxc3 29.
Rxe8+ Qxe8 30. Bh7+ Kxh7 31. Qxc3 Qe4 32. f3 Qe2 33.
Qxc4 bxc4 0-1

[Event "Late-Titled-Tuesday-Blitz-April-23-2024"]
[Site "Chess.com"]
[Date "2024.04.23"]
[Round "9"]
[White "ImportedItalianMaple"]
[Black "Arigu07"]
[Result "0-1"]
[WhiteElo "2458"]
[BlackElo "2584"]
[TimeControl "180+1"]
[EndTime "15:45:49 PDT"]
[Termination "Arigu07 won by checkmate"]

1. e4 a6 2. g3 d5 3. Bg2 dxe4 4. Nc3 Nf6 5. Nxe4 Nxe4 6. Bxe4 Nc6 7. Ne2 e5 8. d3 Bh3 9. f4 Bc5 10. fxe5 O-O 11. Bxc6 bxc6 12. d4 Bb6 13. Nf4 Bf5 14. c3 Qe7 15. O-O Qxe5 16. Qe1 Qd6 17. Nh5 Bd3 18.
Rf3 Rae8 19. Re3 Rxe3 20. Bxe3 Re8 21. Nf4 Be4 22. Qf2 a5 23. Rf1 a4 24. b4 a3 25. Bc1 Ra8 26. Re1 f5 27. Qe3 Re8 28. Bxa3 Ra8 29. Qc1 g5 30. Ne2 h6 31. Bb2 Rxa2 32. c4 Qxb4 33. c5 Qxb2 34. cxb6 cxb6 35. Qc4+ Bd5 36. Qd3 Qc2 37. Qe3 Qe4 38. Qc1 Qg2# 0-1

[Event "Late-Titled-Tuesday-Blitz-April-23-2024"]
[Site "Chess.com"]
[Date "2024.04.23"]
[Round "9"]
[White "tylityli"]
[Black "Rytenko_V"]
[Result "0-1"]
[WhiteElo "2328"]
[BlackElo "2511"]
[TimeControl "180+1"]
[EndTime "15:45:50 PDT"]
[Termination "Rytenko_V won on time"]

1. d4 Nf6 2. c4 e6 3. Nc3 d5 4. cxd5 exd5 5. Bg5 c6 6. e3 Be7 7. Bd3 Nbd7 8. Qc2 h6 9. Bh4 Nh5 10. Bxe7 Qxe7 11. Nge2 Nb6 12. O-O-O Be6 13. h3 O-O-O 14.
Kb1 Kb8 15. Na4 Nf6 16. Nxb6 axb6 17. Qb3 Nd7 18. Nf4 g5 19. Ne2 c5 20. Qb5 c4 21.
Bc2 Qd6 22. a3 Qc6 23. Qb4 b5 24. Nc3 Nb6 25. Nxb5 Bd7 26. Nc3 Nc8 27. Qc5 Qxc5 28. dxc5 Bc6 29. Rd4 Ne7 30. Rhd1 f5 31. g3 Kc7 32. f4 Rhg8 33. Rf1 gxf4 34. Rdxf4 Rxg3 35. Bxf5 Rxe3 36. Bg4 d4 37. Ne2 d3 38. Nc3 d2 39.
Rd1 Nd5 40. Rxc4 Re1 0-1

[Event "Late-Titled-Tuesday-Blitz-April-23-2024"]
[Site "Chess.com"]
[Date "2024.04.23"]
[Round "9"]
[White "Byniolus"]
[Black "DanielNaroditsky"]
[Result "0-1"]
[WhiteElo "2817"]
[BlackElo "2973"]
[TimeControl "180+1"]
[EndTime "15:45:51 PDT"]
[Termination "DanielNaroditsky won by resignation"]

1. d4 Nf6 2. Nf3 g6 3. Bf4 Bg7 4. e3 O-O 5. Be2 c5 6. c3 d6 7. O-O cxd4 8. cxd4 Nc6 9. Nc3 Bf5 10. h3 h6 11. Qa4 a6 12. Rfc1 Rc8 13. a3 Qd7 14. d5 Na7 15. Qxd7 Bxd7 16. e4 Nb5 17. Nxb5 Bxb5 18. Bxb5 axb5 19. Nd2 Nd7 20. Rab1 Nc5 21. Be3 Nd3 22. Rxc8 Rxc8 23. b3 Rc2 24. a4 Bc3 25. Nf3 b4 26. Nd4 Bxd4 27. Bxd4 Rc1+ 28. Rxc1 Nxc1 29.
Be3 Nxb3 30. Kf1 Nc5 31. Ke2 b3 32. Kd1 Nxa4 33. Bxh6 Nc3+ 34. Kc1 Nxe4 35. Be3 0-1

[Event "Late-Titled-Tuesday-Blitz-April-23-2024"]
[Site "Chess.com"]
[Date "2024.04.23"]
[Round "9"]
[White "amanmuhammethommadov"]
[Black "Bugcrusher"]
[Result "0-1"]
[WhiteElo "2730"]
[BlackElo "2557"]
[TimeControl "180+1"]
[EndTime "15:45:53 PDT"]
[Termination "Bugcrusher won by resignation"]

1. e4 e6 2. d4 d5 3. e5 c5 4.
c3 Nc6 5. Nf3 Nge7 6. a3 Nf5 7.
b4 cxd4 8. cxd4 Bd7 9. Bb2 b5 10. Nc3 a5 11. Nxb5 axb4 12. a4 Be7 13. Bd3 O-O 14.
O-O Nh4 15. Nxh4 Bxh4 16. f4 f5 17. exf6 Bxf6 18. Rc1 Qb6 19. Bb1 Ne7 20. Re1 Nf5 21. Bd3 Bxb5 22. axb5 Bxd4+ 23. Bxd4 Qxd4+ 24. Kh1 Rf6 25. Bxf5 Qxd1 26. Bxh7+ Kxh7 27. Rcxd1 Rb8 28. g3 Rxb5 29.
Rb1 Kg6 30. Rb3 Kf7 31. Reb1 e5 32.
Rxb4 Rxb4 33. Rxb4 e4 34. Rb7+ Ke6 35. Rxg7 d4 36. Kg2 Kd5 37. Kf2 Ra6 38. g4 Ra2+ 39.
Kg3 d3 40. f5 d2 41. Rd7+ Ke5 42. h4 Ra3+ 43. Kf2 Rd3 44. Re7+ Kf4 0-1

[Event "Late-Titled-Tuesday-Blitz-April-23-2024"]
[Site "Chess.com"]
[Date "2024.04.23"]
[Round "9"]
[White "Heliosis11"]
[Black "rikchessmx"]
[Result "1-0"]
[WhiteElo "2389"]
[BlackElo "2290"]
[TimeControl "180+1"]
[EndTime "15:45:54 PDT"]
[Termination "Heliosis11 won on time"]

1. e4 c6 2. d4 d5 3. e5 Bf5 4. h4 h5 5. Bd3 Bxd3 6. Qxd3 e6 7.
Bg5 Qa5+ 8. Nd2 Qa6 9. c4 Bb4 10. b3 Ne7 11. Nf3 Nf5 12. O-O Nd7 13. a3 Bxd2 14. Nxd2 f6 15. exf6 gxf6 16. Rfe1 Kf7 17. Bf4 Rae8 18. Qc3 Nxh4 19. cxd5 exd5 20. Qh3 Nb6 21.
Qxh4 Qd3 22. Nf3 Qf5 23. Bd6 Re4 24. Qh2 Rhe8 25. Bc5 Nd7 26. Qc7 Kg6 27. Nh4+ Rxh4 28. Rxe8 Rf4 29. Re7 Nf8 30. Rg7+ Kh6 31. Bxf8 h4 32. Rg4+ Kh5 33. Qxf4 Qxf4 34. Rxf4 1-0

[Event "Late-Titled-Tuesday-Blitz-April-23-2024"]
[Site "Chess.com"]
[Date "2024.04.23"]
[Round "9"]
[White "1g60-1"]
[Black "ozates"]
[Result "0-1"]
[WhiteElo "2445"]
[BlackElo "2562"]
[TimeControl "180+1"]
[EndTime "15:45:55 PDT"]
[Termination "ozates won by resignation"]

1. e4 c5 2. Nf3 Nc6 3. d4 cxd4 4.
Nxd4 e5 5. Nb5 d6 6. N1c3 a6 7. Na3 b5 8. Nd5 Nge7 9. c4 Nd4 10.
Bd3 Nxd5 11. cxd5 g6 12. Nc2 Bg7 13. Nxd4 exd4 14. O-O O-O 15. a4 b4 16. a5 f5 17.
f3 fxe4 18. fxe4 Rxf1+ 19. Qxf1 Bd7 20. Bd2 Be5 21. g3 h5 22. Bf4 h4 23. Bxa6 Bxf4 24. gxf4 h3 25. Bd3 Qh4 26. Qf2 Qg4+ 27. Qg3 Qh5 28.
e5 Bf5 29. Bxf5 Qxf5 30. e6 Kg7 31. a6 d3 32. a7 d2 33. Rd1 Qxd5 34. f5 Qxf5 35.
Qxd6 Qg4+ 36. Kf2 Qxd1 37. Qe7+ Kh6 38. Qh4+ Qh5 39. Qf4+ Qg5 40. Qxg5+ Kxg5 41. Ke2 0-1

[Event "Late-Titled-Tuesday-Blitz-April-23-2024"]
[Site "Chess.com"]
[Date "2024.04.23"]
[Round "9"]
[White "HajiyevKanan"]
[Black "only_strong_moves"]
[Result "0-1"]
[WhiteElo "2611"]
[BlackElo "2727"]
[TimeControl "180+1"]
[EndTime "15:45:56 PDT"]
[Termination "only_strong_moves won by checkmate"]

1. d4 Nf6 2. Nf3 d5 3. c4 c5 4.
cxd5 cxd4 5. Qa4+ Qd7 6. Qxd4 Qxd5 7. Nc3 Qxd4 8. Nxd4 a6 9. g3 e5 10. Nb3 Nc6 11. Bg2 a5 12. O-O a4 13. Nb5 Rb8 14. Nd2 Bc5 15. b3 O-O 16. bxa4 Ra8 17. Nb3 Bb6 18. Ba3 Rd8 19. Bc5 Nd7 20. Rfc1 Rxa4 21. Bxb6 Nxb6 22. Bxc6 bxc6 23. Rxc6 Nd5 24. Rd1 Bb7 25. Rc7 Ba8 26. e4 Rxe4 27. Nc3 Rd4 28. Nxd4 Nxc7 29. Nb3 Rc8 30. Rc1 Ne6 31. Nb5 Rd8 32.
Nc7 Nxc7 33. Rxc7 Rd1# 0-1